 Dungeon Crawl Stone Soup version 0.30.1-11-g7821555f0a (webtiles) character file.

Game seed: 17703579427208455829

4172 Groucho the Geomancer (level 10, -4/53 HPs)
             Began as a Gargoyle Earth Elementalist on Dec 6, 2023.
             Was an Initiate of Gozag.
             Slain by a two-headed ogre
             ... wielding a +0 giant club
              (21 damage)
             ... on level 8 of the Dungeon.
             The game lasted 00:45:54 (12311 turns).

Groucho the Geomancer (GrEE)                       Turns: 12311, Time: 00:45:54

Health: -4/53      AC: 17    Str: 19    XL:     10   Next: 28%
Magic:  6/17       EV: 11    Int: 19    God:    Gozag
Gold:   626        SH:  0    Dex: 10    Spells: 9/19 levels left

rFire   + . .        r - staff of earth "Xasmym" {rF+}
rCold   . . .        (no shield)
rNeg    + . .        G - +0 ring mail
rPois   ∞            k - +0 helmet
rElec   +            K - +0 cloak
rCorr   .            B - +0 pair of gloves
SInv    .            s - +0 pair of boots
Will    .....        x - amulet of magic regeneration
Stlth   ++           o - +6 ring of strength
HPRegen 0.28/turn    (no ring)
MPRegen 0.55/turn

%: no passive effects
@: gold aura
A: sickness immunity, AC +7, negative energy resistance 1, electricity
resistance, torment resistance 1, petrification resistance
a: Renounce Religion, Potion Petition, Call Merchant, Bribe Branch


You were on level 8 of the Dungeon.
You worshipped Gozag.
Gozag was pleased with you.
You visited 2 branches of the dungeon, and saw 9 of its levels.

You collected 721 gold pieces.
You paid 95 gold pieces to Gozag.

Inventory:

Hand Weapons
 l - a +0 hand axe
 M - a +2 spear of venom
 N - a +4 dagger
Missiles
 h - 3 throwing nets
Armour
 k - a +0 helmet (worn)
 s - a +0 pair of boots (worn)
 B - a +0 pair of gloves (worn)
 G - a +0 ring mail (worn)
 K - a +0 cloak (worn)
Magical Staves
 r - the staff of earth "Xasmym" (weapon) {rF+}
   (You found it on level 2 of the Dungeon)

   [staff of earth]

   Base accuracy: +5 Base damage: 5 Base attack delay: 1.2 This weapon's minimum
   attack delay (0.6) is reached at skill level 12.
   rF:        It protects you from fire.
   It falls into the 'Staves' category.
   It is a one-handed weapon.
Jewellery
 g - a ring of ice
 o - a +6 ring of strength (left hand)
 x - an amulet of magic regeneration (around neck)
 A - a +5 ring of evasion
 C - a ring of magical power
Wands
 D - a wand of flame (31)
 F - a wand of mindburst (10)
Scrolls
 a - a scroll of poison {unknown}
 c - 2 scrolls of silence {unknown}
 d - a scroll of amnesia {unknown}
 e - 10 scrolls of identify {unknown}
 i - 8 scrolls of teleportation {unknown}
 j - a scroll of fog {unknown}
 n - 2 scrolls of enchant weapon {unknown}
 p - 3 scrolls of noise {unknown}
 u - a scroll of vulnerability {unknown}
 w - a scroll of fear {unknown}
 y - 2 scrolls of enchant armour {unknown}
 H - a scroll of summoning {unknown}
 I - 3 scrolls of blinking {unknown}
 L - a scroll of immolation {unknown}
Potions
 b - 2 potions of magic
 f - 7 potions of heal wounds {unknown}
 m - 2 potions of lignification {unknown}
 q - 3 potions of curing
 t - a potion of flight {unknown}
 v - a potion of might {unknown}
 z - a potion of resistance
 E - 4 potions of attraction {unknown}
 J - 2 potions of brilliance {unknown}


   Skills:
 - Level 2.0 Fighting
 - Level 1.0 Axes
 - Level 4.0 Armour
 - Level 3.0 Dodging
 - Level 5.0 Stealth
 - Level 5.0 Spellcasting
 - Level 6.0 Conjurations
 + Level 6.0 Transmutations
 - Level 10.0 Earth Magic


You had 9 spell levels left.
You knew the following spells:

 Your Spells              Type           Power      Damage    Failure   Level
a - Sandblast             Erth           100%       2d20      1%          1
b - Passwall              Tmut/Erth      42%        N/A       1%          2
c - Stone Arrow           Conj/Erth      100%       3d13      2%          3
d - Petrify               Tmut/Erth      51%        N/A       8%          4

Your spell library contained the following spells:

 Spells                   Type           Power      Damage    Failure   Level
 Leda's Liquefaction      Hex/Erth       17%        N/A       26%         4
 Ensorcelled Hibernation  Hex/Ice        8%         N/A       30%         2
 Call Canine Familiar     Summ           4%         N/A       52%         3
 Portal Projectile        Hex/Tloc       8%         N/A       52%         3
 Swiftness                Air            4%         N/A       52%         3
 Olgreb's Toxic Radiance  Pois           4%         N/A       90%         4
 Discord                  Hex            2%         N/A       100%        8
 Ignition                 Fire           2%         3d3       100%        8


Dungeon Overview and Level Annotations

Branches:
Dungeon (8/15)             Temple (1/1) D:6            Lair (0/5) D:8

Altars:
Ashenzari
Cheibriados
Dithmenos
Elyvilon
Fedhas
Gozag
Hepliaklqana
Kikubaaqudgha
Makhleb
Nemelex Xobeh
Okawaru
Qazlal
Ru
Sif Muna
Trog
Uskayaw
Vehumet
Wu Jian
Xom
Yredelemnul
Zin
The Shining One

Annotations:
D:3 3 runed translucent doors, exclusion: statue, mihai's ghost, amateur DjFE
D:7 3 runed translucent doors, laros's ghost, novice MiBe


Innate Abilities, Weirdness & Mutations

You are immune to sickness and miasma.
Your stone body is resilient. (AC +7)
You are immune to poison.
You resist negative energy. (rN+)
You are resistant to electric shocks. (rElec)
You are resistant to unholy torment.
You are immune to petrification.


Message History

Unknown command.
The bullfrog attacks as you move away!
The bullfrog hits you but does no damage.
Casting: Stone Arrow (dangerous; 2% risk of failure)
Confirm with . or Enter, or press ? or * to list all spells.
Aiming: Stone Arrow (dangerous; 2% risk of failure)
Press: ? - help, Shift-Dir - straight line, f/p - two-headed ogre
Aim: a two-headed ogre, wielding two +0 giant clubs (moderately wounded, 89% to hit)
You feel a surge of power!
The stone arrow hits the bullfrog!!
You kill the bullfrog!
Your Transmutations skill increases to level 6!
Unknown command.
Unknown command.
Casting: Stone Arrow (dangerous; 2% risk of failure)
Confirm with . or Enter, or press ? or * to list all spells.
Aiming: Stone Arrow (dangerous; 2% risk of failure)
Press: ? - help, Shift-Dir - straight line, f - wight, p - two-headed ogre
Aim: a wight, wielding a +0 halberd and wearing a +0 chain mail (84% to hit)
You feel a surge of power!
The stone arrow hits the two-headed ogre!
The two-headed ogre is heavily wounded.
The wight hits you from afar with a +0 halberd.
* * * LOW HITPOINT WARNING * * *
The two-headed ogre hits you with a +0 giant club!
* * * LOW HITPOINT WARNING * * *
The two-headed ogre hits you but does no damage.
Unknown command.
Unknown command.
Unknown command.
You feel better.
The wight hits you from afar with a +0 halberd.
Unknown command.
Unknown command.
The two-headed ogre attacks as you move away!
The two-headed ogre hits you but does no damage.
The two-headed ogre barely misses you.
The two-headed ogre attacks as you move away!
The two-headed ogre hits you with a +0 giant club!!
You die...
Your body crumbles into a pile of gold.

. .....# .# #.#.##.#..##
#####.#.##.#...# .
.............>##
.############.##$#...#
........# #.#z[##..#####
........# #.#$#$z.......
........#####.#O##$.#.....
PPP...........#.@$.....[..
.......############...###.
.......####. .###
...P........ ..
P.P......... .#.
.P........... <..
............. .# .
P..P.P.....#. .P.........#


You could see a two-headed ogre and a wight.

Vanquished Creatures
  Grinder (D:4)
  A wyvern (D:8)
  4 yaks
  A steam dragon (D:8)
  Menkaure (D:7)
  2 water moccasins
  Duvessa (D:7)
  An ice beast (D:6)
  An orc warrior (D:7)
  3 black bears
  2 ogres
  2 phantoms
  2 kobold brigands (D:7)
  5 bullfrogs (D:8)
  3 scorpions
  Dowan (D:7)
  8 wights (D:8)
  4 killer bees (D:7)
  3 hounds
  A jelly (D:6)
  A gnoll bouda (D:7)
  3 sleepcaps
  4 orc wizards
  Robin (D:4)
  5 gnolls (D:7)
  12 adders
  A shadow imp (D:7)
  A white imp (D:5)
  3 worms (D:2)
  A dart slug (D:2)
  10 orcs
  5 ball pythons
  4 bats
  8 endoplasms
  15 giant cockroaches
  14 goblins
  9 hobgoblins
  5 jackals (D:2)
  4 quokkas
  3 frilled lizards
  7 kobolds
  5 rats
168 creatures vanquished.

Vanquished Creatures (others)
  A wizard (D:6)
  A sky beast (D:7)
2 creatures vanquished.

Grand Total: 170 creatures vanquished

Notes
Turn   | Place    | Note
-------+----------+-------------------------------------------
     0 | D:1      | Groucho the Gargoyle Earth Elementalist began the quest for
                  | the Orb.
     0 | D:1      | Reached XP level 1. HP: 10/10 MP: 3/3
   101 | D:1      | Reached skill level 1 in Fighting
   459 | D:1      | Reached XP level 2. HP: 17/17 MP: 3/5
  1485 | D:2      | Learned a level 2 spell: Passwall
  1505 | D:2      | Reached skill level 4 in Earth Magic
  1609 | D:2      | Reached XP level 3. HP: 13/21 MP: 1/6
  1875 | D:2      | Reached skill level 5 in Earth Magic
  2172 | D:2      | Reached XP level 4. HP: 26/26 MP: 4/7
  2960 | D:2      | Found a shimmering altar of Xom.
  3172 | D:2      | Identified the staff of earth "Xasmym" {rF+}
  3179 | D:2      | Learned a level 3 spell: Stone Arrow
  3452 | D:3      | Found a radiant altar of Vehumet.
  3455 | D:3      | Noticed a frost-covered statue
  3469 | D:3      | Reached skill level 1 in Axes
  3469 | D:3      | Reached XP level 5. HP: 30/30 MP: 6/9
  3510 | D:3      | Noticed a phantom
  3518 | D:3      | Reached skill level 1 in Conjurations
  3523 | D:3      | Killed a phantom
  4089 | D:3      | Found a runed translucent gate.
  4089 | D:3      | Found a runed translucent gate.
  4089 | D:3      | Found a runed translucent gate.
  4089 | D:3      | Noticed mihai's ghost (amateur DjFE)
  4214 | D:3      | Reached XP level 6. HP: 35/35 MP: 8/10
  4720 | D:4      | Learned a level 4 spell: Petrify
  5022 | D:4      | Noticed Robin
  5029 | D:4      | Killed Robin
  5101 | D:4      | Noticed Grinder
  5108 | D:4      | Killed Grinder
  5109 | D:4      | Reached skill level 5 in Conjurations
  5109 | D:4      | Reached XP level 7. HP: 40/40 MP: 7/11
  5337 | D:4      | Found a glowing silver altar of Zin.
  5342 | D:4      | Found a basalt altar of Yredelemnul.
  5345 | D:4      | Found a shimmering altar of Xom.
  6112 | D:5      | Entered Level 5 of the Dungeon
  6185 | D:5      | Reached skill level 6 in Earth Magic
  6238 | D:5      | Reached skill level 1 in Armour
  6558 | D:5      | Reached XP level 8. HP: 44/44 MP: 6/12
  8093 | D:6      | Reached skill level 5 in Stealth
  9051 | D:6      | Found a bloodstained altar of Trog.
  9052 | D:6      | Noticed a wizard
  9057 | D:6      | Killed a wizard
  9162 | D:6      | Found a staircase to the Ecumenical Temple.
  9173 | Temple   | Entered the Ecumenical Temple
  9303 | Temple   | Became a worshipper of Gozag Ym Sagoz the Greedy
 10396 | D:7      | Reached skill level 5 in Spellcasting
 10396 | D:7      | Reached XP level 9. HP: 31/48 MP: 2/16
 10808 | D:7      | Noticed Menkaure
 10817 | D:7      | Killed Menkaure
 10824 | D:7      | Found a runed translucent gate.
 10824 | D:7      | Found a runed translucent gate.
 10824 | D:7      | Found a runed translucent gate.
 10854 | D:7      | Noticed laros's ghost (novice MiBe)
 10855 | D:7      | Noticed Duvessa
 10858 | D:7      | Noticed Dowan
 10858 | D:7      | Noticed an efreet
 10862 | D:7      | Killed Duvessa
 10864 | D:7      | Killed Dowan
 11388 | D:7      | Reached skill level 5 in Transmutations
 11631 | D:8      | Reached skill level 7 in Earth Magic
 11654 | D:7      | Reached skill level 8 in Earth Magic
 11882 | D:8      | Reached skill level 9 in Earth Magic
 11938 | D:8      | Reached XP level 10. HP: 51/53 MP: 1/17
 11993 | D:8      | Reached skill level 10 in Earth Magic
 12240 | D:8      | Found a staircase to the Lair.
 12293 | D:8      | Noticed a two-headed ogre
 12311 | D:8      | Slain by a two-headed ogre

Illustrated notes

Levels and vault maps discovered:
D:1:      amcnicky_arrival_single_pillar, layout_rooms
D:2:      minmay_roachtagon, layout_loops_ring, basic_altar, minmay_nonomino_d4
D:3:      layout_basic, vehumet_statue, serial_corexii_hall,
          chequers_hall_statues_wall_a, chequers_hall_statues_corner_a,
          chequers_hall_statues_y, ebering_ghost_rock_garden
D:4:      layout_cave_pods, minmay_overflow_temple_star_quad, enter_ossuary_3,
          minmay_starry_boxes, uniq_grinder, uniq_robin
D:5:      layout_rooms
D:6:      layout_loops_ring, trog_wizard, minmay_temple_entry_poolview,
          reono_crystal_passage, nrook_pool_corridor, fountainhead,
          kennysheep_another_room
D:7:      layout_cave_pools, gammafunk_ghost_split, kennysheep_boxes,
          uniq_menkaure, uniq_duvessa
D:8:      layout_basic, due_lair_maze_entry_diamond, special_room
          [special_room_kobold], kennysheep_big_empty_room
Temple:   minmay_crystal_spiral_temple

Skill      XL: |  1  2  3  4  5  6  7  8  9 10 |
---------------+-------------------------------+-----
Fighting       | 1 2 |  2.0
Earth Magic    | 4 5 6 9 10 | 10.0
Spellcasting   | 3 5 |  5.0
Axes           | 1 |  1.0
Conjurations   | 3 5 6 |  6.0
Transmutations | 2 3 5 6 |  6.0
Armour         | 3 4 |  4.0
Dodging        | 3 |  3.0
Stealth        | 5 |  5.0

Action                     |  1- 3 |  4- 6 |  7- 9 | 10-12 || total
---------------------------+-------+-------+-------+-------++-------
  Melee: Hand axe          |    70 |    60 |       |       ||   130
         Unarmed           |     8 |       |       |       ||     8
         Punch             |       |     2 |       |       ||     2
         Staff             |       |    16 |    15 |    13 ||    44
         Dagger            |       |       |       |     4 ||     4
         Spear             |       |       |       |     4 ||     4
   Cast: Sandblast         |    37 |    57 |    48 |    12 ||   154
         Stone Arrow       |       |     3 |    84 |    14 ||   101
         Petrify           |       |       |       |     2 ||     2
    Use: Potion            |       |       |     4 |     3 ||     7
   Stab: Sleeping          |       |     3 |     1 |       ||     4
         Petrified         |       |       |       |     5 ||     5
 Armour: Robe              |    49 |    55 |       |       ||   104
         Ring mail         |       |       |    35 |    31 ||    66
         Leather armour    |       |       |     4 |       ||     4
  Dodge: Dodged            |    63 |    55 |    45 |    32 ||   195
